 Dungeon Crawl Stone Soup version 0.24.0-2-g5b39cebb1c (webtiles) character file.

Game seed: 17562389273924825392, levelgen mode: deterministic

5525 Mrkan the Grappler (level 10, -5/102 HPs)
             Began as a Troll Monk on Oct 30, 2019.
             Was a High Priest of Zin.
             Slain by a killer bee (7 damage)
             ... on level 9 of the Dungeon.
             The game lasted 00:17:30 (6390 turns).

Mrkan the Grappler (Troll Monk)                     Turns: 6390, Time: 00:17:31

Health: -5/102     AC:  6    Str: 23    XL:     10   Next: 43%
Magic:  0/13       EV:  8    Int: 11    God:    Zin [*****.]
Gold:   521        SH:  8    Dex: 14    Spells: 9/9 levels left

rFire    . . .     SeeInvis .     - Unarmed
rCold    . . .     Gourm    +   u - +0 shield
rNeg     . . .     Faith    .   a - +0 robe
rPois    ∞         Spirit   +   (helmet restricted)
rElec    .         Reflect  .   (no cloak)
rCorr    .         Harm     .   (gloves unavailable)
MR       .....                  (boots unavailable)
Stlth    ++........             n - amulet of guardian spirit
HPRegen  0.67/turn              (no ring)
MPRegen  0.13/turn              (no ring)

@: vitalised
A: large, unfitting armour, claws 3, fast metabolism 3, gourmand, regeneration
1, shaggy fur 1, tough skin 3
a: Recite, Vitalisation, Imprison, Sanctuary, Donate Gold, Renounce Religion


You were on level 9 of the Dungeon.
You worshipped Zin.
Zin was extremely pleased with you.
You were not hungry.

You visited 2 branches of the dungeon, and saw 10 of its levels.

You collected 578 gold pieces.
You donated 57 gold pieces to Zin.

Inventory:

Armour
 a - a +0 robe (worn)
 u - a +0 shield (worn)
Jewellery
 n - an amulet of guardian spirit (around neck)
 o - a cursed ring of teleportation {unknown}
Wands
 s - a wand of enslavement (14)
 v - a wand of acid (7)
 y - a wand of flame (15)
Scrolls
 c - a scroll of fog {unknown}
 d - 3 scrolls of teleportation
 e - 2 scrolls of noise {unknown}
 f - 5 scrolls of magic mapping {unknown}
 g - a scroll of identify
 h - 4 scrolls of immolation {unknown}
 i - 2 scrolls of amnesia
 j - 2 scrolls of random uselessness {unknown}
 l - 2 scrolls of remove curse {unknown}
 p - 2 scrolls of blinking {unknown}
 t - a scroll of enchant armour {unknown}
 w - a scroll of enchant weapon {unknown}
Potions
 k - 3 potions of curing
 m - 2 potions of mutation {unknown}
 q - a potion of flight {unknown}
 r - a potion of degeneration {unknown}
 x - 2 potions of lignification {unknown}
Comestibles
 b - 18 rations


   Skills:
 + Level 7.0 Fighting
 - Level 2.4 Dodging
 - Level 1.0 Stealth
 + Level 1.7 Shields
 * Level 11.3 Unarmed Combat
 + Level 6.6 Invocations


You had 9 spell levels left.
You didn't know any spells.
Your spell library contained the following spells:

 Spells                   Type           Power        Failure   Level  Hunger
 Animate Skeleton         Necr           N/A          86%         1    ##.....
 Magic Dart               Conj           #...         86%         1    ##.....
 Pain                     Necr           #...         86%         1    ##.....
 Blink                    Tloc           N/A          94%         2    ###....
 Call Imp                 Summ           #.......     94%         2    ###....
 Slow                     Hex            #.......     94%         2    ###....
 Conjure Flame            Conj/Fire      #.......     99%         3    ####...
 Mephitic Cloud           Conj/Pois/Air  #.......     99%         3    ####...
 Regeneration             Chrm/Necr      #.........   99%         3    ####...
 Vampiric Draining        Necr           #.........   99%         3    ####...
 Animate Dead             Necr           N/A          100%        4    #####..


Dungeon Overview and Level Annotations

Branches:
Dungeon (9/15)             Temple (1/1) D:5
   Lair: D:8-11         Orc: D:9-12

Altars:
Ashenzari
Cheibriados
Dithmenos
Elyvilon
Fedhas
Gozag
Hepliaklqana
Kikubaaqudgha
Makhleb
Nemelex Xobeh
Okawaru
Qazlal
Ru
Sif Muna
Trog
Uskayaw
Vehumet
Wu Jian
Xom
Yredelemnul
Zin
The Shining One

Shops:
D:6 }

Annotations:
D:8 1 runed translucent door


Innate Abilities, Weirdness & Mutations

You are too large for most types of armour.
You have claws for hands.
Your metabolism is lightning-fast.
You like to eat raw meat.
Your natural rate of healing is unusually fast.
You are covered in fur. (AC +1)
You have extremely tough skin. (AC +3)


Message History

* * * LOW HITPOINT WARNING * * *
The killer bee stings you but does no damage.
You block the killer bee's attack. The killer bee stings you!
* * * LOW HITPOINT WARNING * * *
You barely miss the killer bee.
The killer bee stings you but does no damage.
The killer bee closely misses you. The killer bee stings you!
* * * LOW HITPOINT WARNING * * *
The killer bee stings you but does no damage.
The killer bee stings you.
* * * LOW HITPOINT WARNING * * *
You block the killer bee's attack. The killer bee stings you!
* * * LOW HITPOINT WARNING * * *
Your divine stamina protects you from poison!
The killer bee stings you.
* * * LOW HITPOINT WARNING * * *
You mangle the killer bee!!
You kill the killer bee!
You block the killer bee's attack. x2; The killer bee stings you!
You die...

#........#.......
######.#>..........)..
#[.........##.#.......
#.####÷#.#..#.#....... #
#......#.#/##.#.......
#.######.#.#.##.#.......
#........#.#....#.......
###...y..#.######.......
......y@.#.. ..##+###
###.###y##.. # #..(.#
#... #.... #.#### #.#
...


You could see 3 killer bees.

Vanquished Creatures
  Pikel (D:4)
  Sigmund (D:4)
  3 wraiths (D:8)
  Duvessa (D:6)
  2 orc warriors
  2 ice beasts
  2 sky beasts
  A slave (D:4)
  4 ogres
  2 centaurs
  A big kobold (D:9)
  2 bullfrogs
  An elf zombie (D:8)
  An elf skeleton (D:8)
  Dowan (D:6)
  12 scorpions
  A troll skeleton (D:8)
  A water moccasin skeleton (D:7)
  12 wights
  3 killer bees (D:9)
  4 crimson imps
  3 howler monkeys
  3 jellies (D:8)
  4 hounds
  3 human zombies (D:8)
  A quasit (D:7)
  2 orc priests
  A centaur skeleton (D:8)
  A human skeleton (D:8)
  Terence (D:3)
  7 iguanas
  9 orc wizards
  5 worker ants
  A hound zombie (D:8)
  A hound skeleton (D:6)
  A worker ant zombie (D:7)
  4 gnolls (D:8)
  15 adders
  A shadow imp (D:7)
  An ooze (D:4)
  2 adder skeletons
  An adder zombie (D:6)
  A worm (D:2)
  2 dart slugs (D:1)
  7 leopard geckos
  31 orcs
  5 giant cockroaches
  5 goblins
  10 hobgoblins
  4 jackals (D:1)
  9 kobolds
  7 quokkas
  14 bats
  8 frilled lizards
  A leopard gecko skeleton (D:4)
  An orc zombie (D:8)
  A quokka skeleton (D:5)
  10 rats
  A fungus (D:5)
242 creatures vanquished.

Vanquished Creatures (others)
  A slave (D:4)
1 creature vanquished.

Grand Total: 243 creatures vanquished

Notes
Turn   | Place    | Note
-------+----------+-------------------------------------------
     0 | D:1      | Mrkan the Troll Monk began the quest for the Orb.
     0 | D:1      | Reached XP level 1. HP: 22/22 MP: 0/0
   204 | D:1      | Reached XP level 2. HP: 29/29 MP: 1/1
   688 | D:1      | Reached XP level 3. HP: 32/36 MP: 2/2
   902 | D:1      | Reached skill level 4 in Unarmed Combat
  1024 | D:2      | Found a shattered altar of Ashenzari.
  1132 | D:2      | Reached XP level 4. HP: 45/45 MP: 3/3
  1207 | D:2      | Found a shimmering altar of Xom.
  1535 | D:2      | Found a glowing golden altar of the Shining One.
  1538 | D:2      | Became a worshipper of the Shining One
  1538 | D:2      | Reached * piety under the Shining One
  1538 | D:2      | Reached ** piety under the Shining One
  1786 | D:3      | Noticed Terence
  1792 | D:3      | Killed Terence
  1792 | D:3      | Reached XP level 5. HP: 53/53 MP: 4/4
  1823 | D:3      | Reached skill level 5 in Unarmed Combat
  1823 | D:3      | Reached skill level 1 in Invocations
  2136 | D:4      | Noticed Sigmund
  2142 | D:4      | Killed Sigmund
  2142 | D:4      | Reached XP level 6. HP: 61/62 MP: 4/6
  2196 | D:4      | Reached skill level 6 in Unarmed Combat
  2538 | D:4      | Reached XP level 7. HP: 63/70 MP: 7/7
  2691 | D:4      | Noticed Pikel
  2697 | D:4      | Killed Pikel
  2697 | D:4      | Reached skill level 7 in Unarmed Combat
  2951 | D:5      | Entered Level 5 of the Dungeon
  2956 | D:5      | Found a staircase to the Ecumenical Temple.
  3032 | D:5      | Reached XP level 8. HP: 45/79 MP: 9/9
  3139 | D:5      | Reached skill level 8 in Unarmed Combat
  3142 | D:5      | Reached skill level 5 in Fighting
  3427 | D:5      | Found a shadowy altar of Dithmenos.
  3660 | Temple   | Entered the Ecumenical Temple
  3716 | Temple   | Fell from the grace of the Shining One
  3716 | Temple   | Became a worshipper of Zin the Law-Giver
  3716 | Temple   | Reached * piety under Zin
  3716 | Temple   | Reached ** piety under Zin
  3825 | D:6      | Found Oluklom's Gadget Shoppe.
  3856 | D:6      | Got an iridescent shortbow
  3892 | D:6      | Identified the cursed +1 shortbow of Heukhleoth {velocity,
                  | Str+3} (You found it on level 6 of the Dungeon)
  3896 | D:6      | Found a radiant altar of Vehumet.
  3906 | D:6      | Reached *** piety under Zin
  3981 | D:6      | Reached skill level 9 in Unarmed Combat
  4078 | D:6      | Reached XP level 9. HP: 67/88 MP: 11/11
  4096 | D:6      | Found a snail-covered altar of Cheibriados.
  4212 | D:6      | Found a hazy altar of Hepliaklqana.
  4233 | D:6      | Noticed Duvessa
  4235 | D:6      | Noticed Dowan
  4250 | D:6      | Killed Duvessa
  4262 | D:6      | Killed Dowan
  4309 | D:6      | Reached skill level 5 in Invocations
  4353 | D:6      | Found a sparkling altar of Nemelex Xobeh.
  4702 | D:7      | Found a basalt altar of Yredelemnul.
  4912 | D:7      | Reached skill level 10 in Unarmed Combat
  4994 | D:7      | Reached **** piety under Zin
  5184 | D:7      | Found a white marble altar of Elyvilon.
  5555 | D:8      | Found an opulent altar of Gozag.
  5583 | D:8      | Found a runed translucent door.
  5584 | D:8      | Noticed a sixfirhy
  5664 | D:8      | Reached XP level 10. HP: 99/100 MP: 13/13
  5779 | D:8      | Found a bloodstained altar of Trog.
  5832 | D:8      | Found a sacrificial altar of Ru.
  5851 | D:8      | Reached ***** piety under Zin
  5881 | D:8      | Reached skill level 11 in Unarmed Combat
  5971 | D:8      | Reached skill level 1 in Shields
  6016 | D:8      | Found an ancient bone altar of Kikubaaqudgha.
  6389 | D:9      | HP: 3/102 [killer bee (6)]
  6390 | D:9      | Slain by a killer bee

Levels and vault maps discovered:
D:1:      evilmike_arrival_fibonacci_small, layout_basic
D:2:      layout_basic, lemuel_coloured_pillars_altar, lemuel_round_altar,
          marbit_many_paths, first_ration
D:3:      layout_rooms, uniq_terence
D:4:      layout_loops_cross, uniq_sigmund, uniq_pikel
D:5:      old_forge, layout_rooms, nicolae_dithmenos_the_darkroom,
          minmay_temple_entry_overgrown
D:6:      layout_rooms, kennysheep_mini, lemuel_round_altar,
          nemelex_xobeh_ov_fountains_minmay, lemuel_crystal_altar, serial_shops,
          shop, lemuel_flame_loot_1, uniq_duvessa
D:7:      layout_basic, kennysheep_ying_yang, grunt_ogre_cave
D:8:      cheibrodos_shockbox, layout_cave_pools, overflow_temple_1_default,
          lemuel_mausoleum_altar_kikubaaqudgha, kennysheep_little_box,
          serial_glass, glass_columns_a, glass_columns_c, glass_columns_a,
          glass_columns_b, glass_columns_a, glass_columns_b, glass_columns_a,
          glass_columns_a, basic_altar, nrook_mini_vaults
D:9:      layout_basic, chequers_guarded_unrand_ignorance
Temple:   jpeg_temple_island

Skill      XL: |  1  2  3  4  5  6  7  8  9 10 |
---------------+-------------------------------+-----
Unarmed Combat | 4 5 6 7 9 10 11 | 11.3
Fighting       | 3 4 5 6 7 |  7.0
Invocations    | 2 3 4 6 |  6.6
Shields        | 1 |  1.7
Dodging        | |  2.4
Stealth        | |  1.0

Action                   |  1- 3 |  4- 6 |  7- 9 | 10-12 || total
-------------------------+-------+-------+-------+-------++-------
Melee: Unarmed           |   112 |   105 |   343 |   123 ||   683
       Punch             |     1 |     1 |     1 |       ||     3
Invok: Recite            |       |       |     4 |     2 ||     6
       Vitalisation      |       |       |       |     1 ||     1
  Use: Scroll            |       |       |     4 |       ||     4
       Potion            |       |       |       |     1 ||     1
 Stab: Sleeping          |     1 |       |     1 |     4 ||     6
       Invisible         |       |       |     1 |       ||     1
  Eat: Chunk             |    16 |    13 |    20 |     2 ||    51
       Ration            |       |       |       |     2 ||     2
Armor: Robe              |    60 |    33 |   163 |    33 ||   289
Dodge: Dodged            |    72 |    43 |   105 |    42 ||   262
Block: Shield            |       |       |   121 |    42 ||   163
